MLB
NEW YORK YANKEES @ TAMPA BAY RAYS
07/05/2019
 
TOP OF THE 1ST
New York Yankees batting - Pitching for Tampa Bay Rays : RHP Carlos Carrasco
Pitching: RHP Carlos Carrasco
Batting: LHB Tony Kemp 0-0: Called Strike
0-1: DOUBLE (Line Drive, 89D, EV 100.6 MPH)
Batting: RHB Ryan Braun 0-0: Fly out, F8 (Flyball, 78XD, EV 105.0 MPH)
Runner from 2nd tags up, SAFE at 3rd, no throw by CF
Batting: RHB Anthony Rendon 0-0: Ball
1-0: Swinging Strike
1-1: Ball
2-1: SINGLE (Flyball, 7S, EV 83.1 MPH)
Tony Kemp scores
Batting: RHB Eloy Jimenez 0-0: Ball
1-0: Called Strike
1-1: Ball
2-1: Foul Ball, location: 2F
2-2: SINGLE (Groundball, 6MD, EV 102.5 MPH)
Anthony Rendon to second
Batting: LHB Scooter Gennett 0-0: Called Strike
0-1: Ball
1-1: Ball
2-1: Called Strike
2-2: Strikes out swinging
Batting: RHB Jose Abreu 0-0: Foul Ball, location: 2F
0-1: Swinging Strike
0-2: Ball
1-2: Strikes out looking
Top of the 1st over - 1 run, 3 hits, 0 errors, 2 left on base; New York 1 - Tampa Bay 0
BOTTOM OF THE 1ST
Tampa Bay Rays batting - Pitching for New York Yankees : RHP Zack Greinke
Pitching: RHP Zack Greinke
Batting: RHB Xander Bogaerts 0-0: Ball
1-0: Called Strike
1-1: Swinging Strike
1-2: Ball
2-2: DOUBLE (Groundball, 5L, EV 105.0 MPH)
Batting: RHB Marcell Ozuna 0-0: Called Strike
0-1: Called Strike
0-2: Ground out 6-3 (Groundball, 6, EV 85.0 MPH)
Batting: LHB Michael Conforto 0-0: Swinging Strike
0-1: Foul Ball, location: 2F
0-2: Ball
1-2: DOUBLE (Flyball, 8RXD, EV 105.0 MPH)
Xander Bogaerts scores
Batting: RHB Nelson Cruz 0-0: Ball
1-0: Foul Ball, location: 2F
1-1: Called Strike
1-2: Ball
2-2: Foul Ball, location: 2F
2-2: SINGLE (Flyball, 56D, EV 93.8 MPH)
Michael Conforto to third
Batting: LHB Rafael Devers 0-0: Fielders Choice at 2nd, 4-6 (Groundball, 4, EV 85.6 MPH)
Michael Conforto scores
Batting: RHB Enrique Hernandez 0-0: Fielders Choice at 2nd, 6-4 (Groundball, 6, EV 90.6 MPH)
Bottom of the 1st over - 2 runs, 3 hits, 0 errors, 1 left on base; New York 1 - Tampa Bay 2
TOP OF THE 2ND
New York Yankees batting - Pitching for Tampa Bay Rays : RHP Carlos Carrasco
Batting: LHB Brandon Crawford 0-0: Called Strike
0-1: Called Strike
0-2: Ball
1-2: Ball
2-2: Ball
3-2: Strikes out looking
Batting: RHB Buster Posey 0-0: Called Strike
0-1: Ball
1-1: Called Strike
1-2: Foul Ball, location: 2F
1-2: Foul Ball, location: 2F
1-2: Ground out 5-3 (Groundball, 56S, EV 68.8 MPH)
Batting: LHB Garrett Stubbs 0-0: Called Strike
0-1: Ball
1-1: Ball
2-1: Ball
3-1: Ground out 4-3 (Groundball, 4, EV 82.5 MPH)
Top of the 2nd over - 0 runs, 0 hits, 0 errors, 0 left on base; New York 1 - Tampa Bay 2
BOTTOM OF THE 2ND
Tampa Bay Rays batting - Pitching for New York Yankees : RHP Zack Greinke
Batting: LHB Curtis Granderson 0-0: Ball
1-0: Ground out 2-3 (Groundball, 2L, EV 70.6 MPH)
Batting: RHB DJ LeMahieu 0-0: Foul Ball, location: 2F
0-1: SINGLE (Groundball, 6MD, EV 102.5 MPH)
Batting: SHB Victor Caratini 0-0: Swinging Strike
0-1: Foul Ball, location: 2F
0-2: DOUBLE (Line Drive, 8LD, EV 93.1 MPH)
DJ LeMahieu to third
Batting: RHB Xander Bogaerts 0-0: Ball
1-0: Swinging Strike
1-1: Swinging Strike
1-2: Ball
2-2: Strikes out looking
Batting: RHB Marcell Ozuna 0-0: Called Strike
0-1: Ball
1-1: Ball
2-1: Ground out U3 (Groundball, 3, EV 81.3 MPH)
Bottom of the 2nd over - 0 runs, 2 hits, 0 errors, 2 left on base; New York 1 - Tampa Bay 2
TOP OF THE 3RD
New York Yankees batting - Pitching for Tampa Bay Rays : RHP Carlos Carrasco
Batting: LHB Tony Kemp 0-0: Called Strike
0-1: Ball
1-1: Called Strike
1-2: Ball
2-2: SINGLE (Groundball, 25, EV 61.3 MPH) (infield hit)
Batting: RHB Ryan Braun 0-0: Called Strike
Tony Kemp steals 2nd base
0-1: Ball
1-1: Ball
2-1: Ground out 1-3 (Groundball, 34S, EV 81.3 MPH)
Tony Kemp to third
Batting: RHB Anthony Rendon 0-0: Called Strike
0-1: Reached on error, E1 (Groundball, 13, EV 83.1 MPH)
Tony Kemp scores
Batting: RHB Eloy Jimenez 0-0: Foul Ball, location: 2F
0-1: Ball
1-1: Ground out 4-3 (Groundball, 6M, EV 84.4 MPH)
Anthony Rendon to third
Batting: LHB Scooter Gennett 0-0: Ball
1-0: SINGLE (Flyball, 7LM, EV 91.3 MPH)
Anthony Rendon scores
Batting: RHB Jose Abreu 0-0: Ball
1-0: Ball
2-0: Foul Ball, location: 2F
2-1: Foul Ball, location: 2F
2-2: Foul Ball, location: 2F
2-2: Ball
3-2: Foul Ball, location: 2F
3-2: Strikes out looking
Top of the 3rd over - 2 runs, 2 hits, 1 error, 1 left on base; New York 3 - Tampa Bay 2
BOTTOM OF THE 3RD
Tampa Bay Rays batting - Pitching for New York Yankees : RHP Zack Greinke
Batting: LHB Michael Conforto 0-0: Called Strike
0-1: Called Strike
0-2: Foul Ball, location: 2F
0-2: SINGLE (Line Drive, 34, EV 102.5 MPH)
Batting: RHB Nelson Cruz 0-0: Called Strike
0-1: DOUBLE (Flyball, 78D, EV 96.9 MPH)
Michael Conforto to third
Batting: LHB Rafael Devers 0-0: SINGLE (Groundball, 4MD, EV 99.4 MPH)
Michael Conforto scores
Nelson Cruz to third
Batting: RHB Enrique Hernandez 0-0: Called Strike
0-1: Ball
Wild Pitch!
Nelson Cruz scores
Rafael Devers to second
1-1: Ball
2-1: Ball
3-1: Swinging Strike
3-2: Strikes out swinging
Batting: LHB Curtis Granderson 0-0: Called Strike
0-1: Foul Ball, location: 2F
0-2: Strikes out swinging
Batting: RHB DJ LeMahieu 0-0: Foul Ball, location: 2F
0-1: Called Strike
0-2: Strikes out looking
Bottom of the 3rd over - 2 runs, 3 hits, 0 errors, 1 left on base; New York 3 - Tampa Bay 4
TOP OF THE 4TH
New York Yankees batting - Pitching for Tampa Bay Rays : RHP Carlos Carrasco
Batting: LHB Brandon Crawford 0-0: Foul Ball, location: 2F
0-1: Ball
1-1: Ball
2-1: Foul Ball, location: 2F
2-2: Foul Ball, location: 2F
2-2: Strikes out swinging
Batting: RHB Buster Posey 0-0: Called Strike
0-1: Ball
1-1: Swinging Strike
1-2: Strikes out swinging
Batting: LHB Garrett Stubbs 0-0: Ball
1-0: Foul Ball, location: 2F
1-1: Swinging Strike
1-2: Strikes out looking
Top of the 4th over - 0 runs, 0 hits, 0 errors, 0 left on base; New York 3 - Tampa Bay 4
BOTTOM OF THE 4TH
Tampa Bay Rays batting - Pitching for New York Yankees : RHP Zack Greinke
Batting: SHB Victor Caratini 0-0: Called Strike
0-1: Ground out 3-1 (Groundball, 34S, EV 84.4 MPH)
Batting: RHB Xander Bogaerts 0-0: Called Strike
0-1: Swinging Strike
0-2: Ball
1-2: Ball
2-2: Fly out, F8 (Flyball, 8LD, EV 98.1 MPH)
Batting: RHB Marcell Ozuna 0-0: Swinging Strike
0-1: Swinging Strike
0-2: Ball
1-2: Ground out 1-3 (Groundball, 13S, EV 71.9 MPH)
Bottom of the 4th over - 0 runs, 0 hits, 0 errors, 0 left on base; New York 3 - Tampa Bay 4
TOP OF THE 5TH
New York Yankees batting - Pitching for Tampa Bay Rays : RHP Carlos Carrasco
Batting: LHB Tony Kemp 0-0: Called Strike
0-1: Foul Ball, location: 2F
0-2: Foul Ball, location: 2F
0-2: Ball
1-2: Ground out 1-3 (Groundball, 34S, EV 79.4 MPH)
Batting: RHB Ryan Braun 0-0: Ball
1-0: Fly out, F5 (Line Drive, 5, EV 61.9 MPH)
Batting: RHB Anthony Rendon 0-0: Called Strike
0-1: Ball
1-1: Swinging Strike
1-2: Foul Ball, location: 2F
1-2: Ball
2-2: SINGLE (Line Drive, 5D, EV 100.0 MPH)
Batting: RHB Eloy Jimenez 0-0: Ball
1-0: Called Strike
1-1: Ball
2-1: Ball
3-1: Foul Ball, location: 2F
3-2: Strikes out swinging
Top of the 5th over - 0 runs, 1 hit, 0 errors, 1 left on base; New York 3 - Tampa Bay 4
BOTTOM OF THE 5TH
Tampa Bay Rays batting - Pitching for New York Yankees : RHP Zack Greinke
Batting: LHB Michael Conforto 0-0: Ball
1-0: Ground out 6-3 (Groundball, 56, EV 91.3 MPH)
Batting: RHB Nelson Cruz 0-0: Foul Ball, location: 2F
0-1: Swinging Strike
0-2: Strikes out looking
Batting: LHB Rafael Devers 0-0: Ball
1-0: Ball
2-0: Ball
3-0: Ground out 1-3 (Groundball, 13, EV 73.1 MPH)
Bottom of the 5th over - 0 runs, 0 hits, 0 errors, 0 left on base; New York 3 - Tampa Bay 4
TOP OF THE 6TH
New York Yankees batting - Pitching for Tampa Bay Rays : RHP Carlos Carrasco
Pitching: LHP Grant Dayton
Batting: LHB Scooter Gennett 0-0: Ball
1-0: Called Strike
1-1: Called Strike
1-2: Strikes out looking
Batting: RHB Jose Abreu 0-0: Ball
1-0: Fly out, F7 (Line Drive, 7, EV 84.4 MPH)
Batting: LHB Brandon Crawford 0-0: Foul Ball, location: 2F
0-1: Ball
1-1: Foul Ball, location: 2F
1-2: Foul Ball, location: 2F
1-2: Ball
2-2: Ground out 6-3 (Groundball, 6, EV 89.4 MPH)
Top of the 6th over - 0 runs, 0 hits, 0 errors, 0 left on base; New York 3 - Tampa Bay 4
BOTTOM OF THE 6TH
Tampa Bay Rays batting - Pitching for New York Yankees : RHP Zack Greinke
Batting: RHB Enrique Hernandez 0-0: Ball
1-0: Called Strike
1-1: Called Strike
1-2: Foul Ball, location: 2F
1-2: Strikes out swinging
Batting: LHB Curtis Granderson 0-0: Ball
1-0: Called Strike
1-1: Fly out, F9 (Flyball, 9D, EV 103.8 MPH)
Batting: RHB DJ LeMahieu 0-0: Ground out 6-3 (Groundball, 56, EV 85.0 MPH)
Bottom of the 6th over - 0 runs, 0 hits, 0 errors, 0 left on base; New York 3 - Tampa Bay 4
TOP OF THE 7TH
New York Yankees batting - Pitching for Tampa Bay Rays : LHP Grant Dayton
Batting: RHB Buster Posey 0-0: Called Strike
0-1: Ball
1-1: Called Strike
1-2: Ball
2-2: Strikes out swinging
Batting: LHB Garrett Stubbs 0-0: Ball
1-0: Fly out, F8 (Flyball, 8RD, EV 86.9 MPH)
Batting: LHB Tony Kemp 0-0: Ball
1-0: Ball
2-0: Ball
3-0: Called Strike
3-1: Foul Ball, location: 2F
3-2: Fly out, F9 (Flyball, 89S, EV 81.3 MPH)
Top of the 7th over - 0 runs, 0 hits, 0 errors, 0 left on base; New York 3 - Tampa Bay 4
BOTTOM OF THE 7TH
Tampa Bay Rays batting - Pitching for New York Yankees : RHP Zack Greinke
Batting: SHB Victor Caratini 0-0: Ground out U3 (Groundball, 3, EV 100.0 MPH)
Batting: RHB Xander Bogaerts 0-0: Ball
1-0: Foul Ball, location: 2F
1-1: Swinging Strike
1-2: Foul Ball, location: 2F
1-2: Strikes out swinging
Batting: RHB Marcell Ozuna 0-0: Ball
1-0: Foul Ball, location: 2F
1-1: Ball
2-1: Fly out, F6 (Line Drive, 6, EV 75.6 MPH)
Bottom of the 7th over - 0 runs, 0 hits, 0 errors, 0 left on base; New York 3 - Tampa Bay 4
TOP OF THE 8TH
New York Yankees batting - Pitching for Tampa Bay Rays : LHP Grant Dayton
Pitching: LHP Caleb Thielbar
Batting: RHB Ryan Braun 0-0: Ball
1-0: Foul Ball, location: 2F
1-1: Ball
2-1: Foul Ball, location: 2F
2-2: Foul Ball, location: 2F
2-2: Ball
3-2: Ground out 4-3 (Groundball, 34, EV 83.8 MPH)
Batting: RHB Anthony Rendon 0-0: Called Strike
0-1: Foul Ball, location: 2F
0-2: Ball
1-2: Ground out 5-3 (Groundball, 5L, EV 96.9 MPH)
Batting: RHB Eloy Jimenez 0-0: Ball
1-0: Swinging Strike
1-1: Called Strike
1-2: Strikes out swinging
Top of the 8th over - 0 runs, 0 hits, 0 errors, 0 left on base; New York 3 - Tampa Bay 4
BOTTOM OF THE 8TH
Tampa Bay Rays batting - Pitching for New York Yankees : RHP Zack Greinke
Pitching: LHP Josh Hader
Batting: LHB Michael Conforto 0-0: Foul Ball, location: 2F
0-1: Called Strike
0-2: Strikes out swinging
Batting: RHB Nelson Cruz 0-0: Ball
1-0: Swinging Strike
1-1: Swinging Strike
1-2: SINGLE (Popup, 5D, EV 63.1 MPH)
Batting: LHB Rafael Devers 0-0: Called Strike
0-1: Ball
1-1: Ball
2-1: Called Strike
2-2: Fly out, F5 (Popup, 5SF, EV 70.0 MPH)
Batting: RHB Enrique Hernandez 0-0: Ball
1-0: Ball
2-0: DOUBLE (Flyball, 8RXD, EV 97.5 MPH)
Nelson Cruz to third
Batting: LHB Curtis Granderson 0-0: Fly out, F5 (Popup, 5L, EV 70.0 MPH)
Bottom of the 8th over - 0 runs, 2 hits, 0 errors, 2 left on base; New York 3 - Tampa Bay 4
TOP OF THE 9TH
New York Yankees batting - Pitching for Tampa Bay Rays : LHP Caleb Thielbar
Pitching: RHP Keone Kela
Batting: LHB Scooter Gennett 0-0: Called Strike
0-1: Foul Ball, location: 2F
0-2: Ball
1-2: Foul Ball, location: 2F
1-2: Foul Ball, location: 2F
1-2: Ground out 1-3 (Groundball, 34S, EV 78.8 MPH)
Batting: RHB Jose Abreu 0-0: Swinging Strike
0-1: Ball
1-1: Called Strike
1-2: Strikes out swinging
Batting: LHB Brandon Crawford 0-0: Ball
1-0: SOLO HOME RUN (Flyball, 8RXD, EV 109.4 MPH), Distance : 419 ft
Batting: RHB Buster Posey 0-0: Ball
1-0: Foul Ball, location: 2F
1-1: Ball
2-1: Ball
3-1: Swinging Strike
3-2: Foul Ball, location: 2F
3-2: Foul Ball, location: 2F
3-2: Fly out, F8 (Line Drive, 8LM, EV 108.1 MPH)
Top of the 9th over - 1 run, 1 hit, 0 errors, 0 left on base; New York 4 - Tampa Bay 4
BOTTOM OF THE 9TH
Tampa Bay Rays batting - Pitching for New York Yankees : LHP Josh Hader
Pitching: RHP Shane Greene
Batting: RHB DJ LeMahieu 0-0: Foul Ball, location: 2F
0-1: Ball
1-1: Foul Ball, location: 2F
1-2: Foul Ball, location: 2F
1-2: Ball
2-2: Ball
3-2: Ground out 5-3 (Groundball, 5, EV 88.8 MPH)
Batting: SHB Victor Caratini 0-0: Ground out 3-1 (Groundball, 34, EV 85.0 MPH)
Batting: RHB Xander Bogaerts 0-0: Called Strike
0-1: Swinging Strike
0-2: Ball
1-2: Foul Ball, location: 2F
1-2: Strikes out looking
Bottom of the 9th over - 0 runs, 0 hits, 0 errors, 0 left on base; New York 4 - Tampa Bay 4
TOP OF THE 10TH
New York Yankees batting - Pitching for Tampa Bay Rays : RHP Keone Kela
Pitching: RHP Mychal Givens
Batting: LHB Garrett Stubbs 0-0: Called Strike
0-1: Swinging Strike
0-2: Foul Ball, location: 2F
0-2: Ball
1-2: Strikes out swinging
Batting: LHB Tony Kemp 0-0: Ball
1-0: Ball
2-0: Swinging Strike
2-1: Called Strike
2-2: Ball
3-2: Strikes out swinging
Batting: RHB Ryan Braun 0-0: Foul Ball, location: 2F
0-1: Ball
1-1: Swinging Strike
1-2: Foul Ball, location: 2F
1-2: Strikes out swinging
Top of the 10th over - 0 runs, 0 hits, 0 errors, 0 left on base; New York 4 - Tampa Bay 4
BOTTOM OF THE 10TH
Tampa Bay Rays batting - Pitching for New York Yankees : RHP Shane Greene
Pitching: LHP Felipe Vazquez
Batting: RHB Marcell Ozuna 0-0: Ball
1-0: Ball
2-0: Foul Ball, location: 2F
2-1: Ball
3-1: Foul Ball, location: 2F
3-2: Base on Balls
Batting: LHB Michael Conforto 0-0: Ball
1-0: Ball
2-0: Ball
3-0: Base on Balls
Marcell Ozuna to second
Batting: RHB Nelson Cruz 0-0: Ball
1-0: Ball
2-0: Ball
3-0: Called Strike
3-1: Ground out 6-3 (Groundball, 6S, EV 70.6 MPH)
Marcell Ozuna to third
Michael Conforto to second
Pitching: RHP Kyle Zimmer
Batting: LHB Rafael Devers 0-0: Intentional Walk
Pinch Hitting: LHB Dan Vogelbach 0-0: Called Strike
0-1: Ball
1-1: Ball
2-1: GRAND SLAM HOME RUN (Flyball, 78XD, EV 91.3 MPH), Distance : 408 ft
Sunday, October 6th, 2019 - OOTP Baseball 20.6 Build 55